 Dungeon Crawl Stone Soup version 0.31-a0-983-g7b6862f502 (webtiles) character file.

Game seed: 6308154169034504476

58 gruber the Cutter (level 4, 0/23 HPs)
             Began as a Vine Stalker Fighter on Nov 2, 2023.
             Succumbed to a kobold's poison
             ... on level 2 of the Dungeon.
             The game lasted 00:00:34 (875 turns).

gruber the Cutter (Vine Stalker Fighter)             Turns: 875, Time: 00:00:35

Health: 0/23       AC:  7    Str: 18    XL:     4   Next: 2%
Magic:  5/5        EV:  9    Int: 14    God:
Gold:   32         SH:  5    Dex: 16    Spells: 3/3 levels left

rFire   . . .        a - +0 rapier
rCold   . . .        c - +0 buckler
rNeg    . . .        b - +0 scale mail
rPois   .            (no helmet)
rElec   .            (no cloak)
rCorr   .            j - +0 pair of gloves
SInv    .            (no boots)
Will    .....        (no amulet) Stlth
                     h - +6 ring of intelligence
HPRegen 1.03/turn    (no ring)
MPRegen 0.09/turn

%: guardian spirit
@: lethally poisoned (0 -> -5)
A: fangs 2, regeneration 1, magic shield, antimagic bite, no potion heal 2
a: no special abilities


You were on level 2 of the Dungeon.
You visited 1 branch of the dungeon, and saw 2 of its levels.

You collected 32 gold pieces.

Inventory:

Hand Weapons
 a - a +0 rapier (weapon)
 l - a +2 dagger of venom
Armour
 b - a +0 scale mail (worn)
 c - a +0 buckler (worn)
 j - a +0 pair of gloves (worn)
Jewellery
 h - a +6 ring of intelligence (left hand)
Scrolls
 f - a scroll of noise {unknown}
 g - a scroll of amnesia {unknown}
 i - a scroll of teleportation {unknown}
 k - a scroll of poison {unknown}
Potions
 d - a potion of might


   Skills:
 - Level 2.6 Fighting
 + Level 3.8 Short Blades
 - Level 2.4 Armour
 - Level 2.6 Shields


You had 3 spell levels left.
You didn't know any spells.
Your spell library contained the following spells:

 Spells                   Type           Power      Damage    Failure   Level
 Manifold Assault         Tloc           0%         N/A       100%        4
 Dispersal                Tloc           0%         N/A       100%        6
 Disjunction              Tloc           0%         N/A       100%        8


Dungeon Overview and Level Annotations

Branches:
Dungeon (2/15)

Altars:


Innate Abilities, Weirdness & Mutations

You have extremely sharp teeth.
Your natural rate of healing is unusually fast.
When hurt, damage is shared between your health and your magic reserves.
Your bite disrupts and absorbs the magic of your enemies.
Potions cannot restore your health.


Message History

The giant cockroach closely misses you. You block the giant cockroach's attack.
A giant cockroach is nearby!
You hit the giant cockroach.
You kill the giant cockroach!
You have reached level 4!
You feel agile.
A kobold comes into view. It is wielding a +2 dagger of venom.
A kobold is nearby!
A kobold is nearby!
A kobold is nearby!
The kobold hits you with a +2 dagger of venom.
You are poisoned.
A kobold is nearby!
You closely miss the kobold.
You feel very sick.
The kobold hits you with a +2 dagger of venom.
You are more poisoned.
A kobold is nearby!
You miss the kobold. Your bite misses the kobold.
You feel very sick.
The kobold hits you with a +2 dagger of venom.
You are lethally poisoned!
There is a lethal amount of poison in your body!
You hit the kobold.
You kill the kobold!
You feel very sick.
There is a lethal amount of poison in your body!
You are too injured to fight recklessly!
There is a lethal amount of poison in your body!
You are too injured to fight recklessly!
There is a lethal amount of poison in your body!
* * * LOW HITPOINT WARNING * * *
You feel very sick.
Things that are here:
a +2 dagger of venom; a kobold corpse
l - a +2 dagger of venom
* * * LOW HITPOINT WARNING * * *
You feel very sick.
It was a potion of magic.
Magic courses through your body.
You die...

#. #..#.# #..#.# #
#..#.# .#
####..#.########.#
................?#.#
......(.......@....#
......................
######.########.#####
#.# .# ########'## #
#.........#
#.........#
#.........#
#.........#


There were no monsters in sight!

Vanquished Creatures
  Jessica (D:2)
  2 adders (D:2)
  2 bats (D:1)
  2 giant cockroaches
  A goblin (D:2)
  A hobgoblin (D:2)
  2 kobolds
  A quokka (D:1)
  A ball python (D:2)
  3 rats (D:1)
16 creatures vanquished.

Notes
Turn   | Place    | Note
-------+----------+-------------------------------------------
     0 | D:1      | gruber the Vine Stalker Fighter began the quest for the
                  | Orb.
     0 | D:1      | Reached XP level 1. HP: 11/11 MP: 2/2
   223 | D:1      | Reached skill level 2 in Short Blades
   333 | D:1      | Reached XP level 2. HP: 16/16 MP: 3/3
   783 | D:2      | Reached skill level 3 in Short Blades
   832 | D:2      | Noticed Jessica
   839 | D:2      | Killed Jessica
   840 | D:2      | Reached XP level 3. HP: 19/19 MP: 4/4
   866 | D:2      | Reached XP level 4. HP: 23/23 MP: 5/5
   875 | D:2      | Succumbed to a kobold's poison

Illustrated notes

Levels and vault maps discovered:
D:1:      enne_arrival_octagon_isle, layout_basic
D:2:      layout_basic, uniq_jessica

Skill      XL: |  1  2 |
---------------+-------+-----
Short Blades   | 2 3 |  3.8
Fighting       | |  2.6
Armour         | |  2.4
Shields        | |  2.6

Action                     |  1- 3 |  4- 6 || total
---------------------------+-------+-------++-------
  Melee: Rapier            |    63 |     3 ||    66
         Bite              |     9 |       ||     9
    Use: Potion            |       |     1 ||     1
 Armour: Scale mail        |    37 |     3 ||    40
  Dodge: Dodged            |    27 |       ||    27
  Block: Buckler           |    14 |       ||    14

Table legend: (Time is in decaauts)
 A = Elapsed time spent in this place.
 B = Non-inter-level travel time spent in this place.
 C = Inter-level travel time spent in this place.
 D = Time resting spent in this place.
 E = Time spent auto-exploring this place.
 F = Levels seen in this place.
 G = Mean time per level.
                   A        B        C        D        E       F      G
               +--------+--------+--------+--------+--------+-----+--------+
         Total |    881 |    854 |     27 |      0 |    713 |   2 |  440.5 |
       Dungeon |    881 |    854 |     27 |      0 |    713 |   2 |  440.5 |
               +--------+--------+--------+--------+--------+-----+--------+

Top non-repeatable levels by time:
     D:1: 744 daAuts
     D:2: 137 daAuts
